 Dungeon Crawl Stone Soup version 0.18.1-48-g4cf74bf (webtiles) character file.

122295 tyranidshit the Warrior (level 16, 0/181 HPs)
             Began as a Deep Dwarf Necromancer on July 20, 2016.
             Was the Champion of Makhleb.
             Killed from afar by a thorn hunter (25 damage)
             ... with a volley of thorns
             ... on level 3 of the Swamp.
             The game lasted 01:45:47 (22912 turns).

tyranidshit the Warrior (Deep Dwarf Necromancer)   Turns: 22912, Time: 01:45:49

Health: 0/181      AC: 30    Str: 19    XL:     16   Next: 34%
Magic:  17/17      EV: 10    Int: 16    God:    Makhleb [******]
Gold:   708        SH: 16    Dex: 12    Spells: 1 memorised, 17 levels left

rFire  + + +     SeeInvis .     I - +6 falchion "Doturoq" {slice, rPois rF+ Dex-4}
rCold  . . .     Gourm    .     R - +6 fire dragon armour
rNeg   + . .     Faith    .     z - +0 large shield
rPois  +         Spirit   .     n - +2 hat
rElec  .         Dismiss  .     X - +2 cloak
rCorr  .         Reflect  .     T - +2 pair of gloves {rF+}
SustAt .         Harm     .     y - +2 pair of boots {Fly}
MR     ++...                    Z - amulet of rage
Stlth  ..........               w - +3 ring of dexterity
                                l - ring of protection from cold

@: flying, non-regenerating, very resistant to hostile enchantments, extremely
unstealthy
A: damage resistance, recharge devices, antennae 1, claws 2, talons 1, rugged
brown scales 1, blink, high mp 1, negative energy resistance 1, sense
surroundings 2, slow regeneration 3, evolution 1
a: Device Recharging, Blink, Minor Destruction, Lesser Servant of Makhleb, Major
Destruction, Greater Servant of Makhleb, Renounce Religion, Evoke Berserk Rage,
Stop Flying


You were on level 3 of the Swamp.
You worshipped Makhleb.
Makhleb was exalted by your worship.
You were very full.

You visited 4 branches of the dungeon, and saw 28 of its levels.
You also visited: Sewer and Volcano.

You collected 2562 gold pieces.
You spent 1854 gold pieces at shops.

Inventory:

Hand Weapons
 g - a +6 war axe of flaming
 u - the +2 broad axe of Uncertain Death {pain, MR+ Str+3 SInv}
   (You bought it in a shop on level 1 of the Orcish Mines)

   In the hands of one skilled in necromantic magic, it inflicts extra damage on
   living creatures.
   It affects your strength (+3).
   It affects your resistance to hostile enchantments.
   It lets you see invisible.
 A - the +1 double sword of Blood {slice, +Fly rElec Dex+10}
   (You bought it in a shop on level 2 of the Orcish Mines)

   It inflicts extra damage upon your enemies.
   It affects your dexterity (+10).
   It insulates you from electricity.
   It lets you fly.
 I - the +6 falchion "Doturoq" (weapon) {slice, rPois rF+ Dex-4}
   (You bought it in a shop on level 2 of the Orcish Mines)

   It inflicts extra damage upon your enemies.
   It affects your dexterity (-4).
   It protects you from fire.
   It protects you from poison.
Armour
 n - a +2 hat (worn)
 y - a +2 pair of boots of flying (worn)
 z - a +0 large shield (worn)
 R - a +6 fire dragon armour (worn)
 T - a +2 pair of gloves of fire resistance (worn)
 X - a +2 cloak (worn)
Jewellery
 k - an uncursed ring of sustain attributes
 l - a ring of protection from cold (left hand)
 w - a +3 ring of dexterity (right hand)
 Z - an amulet of rage (around neck)
Wands
 c - a wand of heal wounds (3/9)
 s - a wand of digging (14/24)
Scrolls
 a - 4 scrolls of remove curse
 f - 2 scrolls of fear
 h - 5 scrolls of magic mapping
 j - 6 scrolls of identify
 p - 6 scrolls of teleportation
 C - a scroll of enchant weapon
 E - 2 scrolls of amnesia
 J - 2 scrolls of fog
 N - 2 scrolls of silence
Potions
 b - a potion of brilliance
 d - 5 potions of berserk rage
 m - 2 potions of flight
 o - a potion of agility
 q - 3 potions of curing
 v - a potion of invisibility
 B - a potion of might
 F - 2 potions of cure mutation
 H - 4 potions of lignification
 L - 2 potions of cancellation
 S - 2 potions of resistance
Miscellaneous
 e - a disc of storms
 r - a lamp of fire (inert)
 x - a disc of storms
 M - a box of beasts {used: 1}
Comestibles
 i - 50 fruits
 t - 2 bread rations
 D - a slice of pizza
 Q - 5 meat rations
 V - 15 royal jellies


   Skills:
 - Level 19.6 Fighting
 - Level 6.9 Axes
 + Level 9.1 Armour
 + Level 9.8 Dodging
 - Level 2.4 Stealth
 + Level 9.0 Shields
 - Level 1.7 Spellcasting
 - Level 4.3 Necromancy
 - Level 10.2 Invocations
 - Level 10.4 Evocations


You had 17 spell levels left.
You knew the following spells:

 Your Spells              Type           Power        Failure   Level  Hunger
a - Pain                  Necr           ###.         87%         1    ##.....


Dungeon Overview and Level Annotations

Branches:
Dungeon (15/15)            Temple (0/1) D:6            Lair (8/8) D:11
  Swamp (3/4) Lair:6       Spider (0/4) Lair:5        Slime (0/6) Lair:7
    Orc (2/2) D:9             Elf (0/3) Orc:2        Vaults (0/5) D:13
 Depths (0/5) D:15

Altars:
Dithmenos
Elyvilon
Fedhas
Kikubaaqudgha
Makhleb
Okawaru
Qazlal
Ru
Sif Muna
Vehumet
Xom
Beogh
Jiyva

Shops:
D:4 ??[((   D:8 (   Orc:1 (   Orc:2 (?(:

Portals:
Hell: Lair:8
Trove: D:12 (give wand of heal wounds (9))


Innate Abilities, Weirdness & Mutations

You are resistant to damage.
You can recharge devices by infusing magical energy.
You resist negative energy.
You passively map the area around you.
You do not regenerate naturally.
You have a pair of small antennae on your head.
You have very sharp fingernails.
You have sharp toenails.
You are partially covered in rugged brown scales (AC +1, +3% HP).
You can translocate small distances at will.
You have an increased reservoir of magic (+10% MP).
You evolve.


Message History

You feel strangely unstable.
The spiny frog stings you but does no damage.
The thorn hunter gestures.
Thorny briars emerge from the ground!
You block the spriggan's attack. You block the spiny frog's attack.
The thorn hunter gestures.
The spriggan druid gestures wildly while chanting.
The forest starts to sway and rumble!
You see here an alligator corpse.
Your surroundings suddenly seem different.
You are no longer poisoned.
Thorny briars emerge from the ground!
The thorn hunter hits the briar patch.
The thorn hunter hits the briar patch!
Tree limbs sway around you.
The thorn hunter fires a volley of thorns at you.
The volley of thorns hits you!
* * * LOW HITPOINT WARNING * * *
The thorn hunter fires a volley of thorns at you.
The volley of thorns hits you!
You die...

♣PP..≈w≈P≈≈≈≈.♣♣ **
♣.<.≈≈≈≈≈P..≈≈≈♣
♣.≈≈≈≈≈.P.....♣♣
♣P.≈≈≈.≈≈P..≈♣♣ ♣
♣PP≈≈...P....≈♣♣♣♣♣ ≈≈♣
♣≈PPP≈.≈♣♣♣.≈≈§≈...♣♣♣≈♣
♣≈≈≈§≈.≈♣♣♣.≈§≈≈≈.≈...≈.
♣♣≈..♣♣≈.§♣♣♣.≈≈≈≈≈§≈≈≈.
♣♣♣♣♣♣@≈≈≈≈[..≈≈≈≈≈♣..≈
♣♣.≈≈≈≈.........≈≈≈
♣≈.≈≈≈≈≈..♣♣.....♣.
♣♣♣♣.PPP≈...♣♣≈>≈♣♣♣
♣.≈♣≈PPP≈.♣♣♣♣♣..♣
♣.≈♣♣♣♣f.♣♣ ♣.≈♣
♣♣...♣♣...♣♣♣ .≈≈≈ *
♣.≈≈≈≈.≈≈≈.≈♣ .≈≈≈♣ *
♣≈.≈≈§.≈≈≈.♣♣ .≈≈≈♣


You could see a thorn hunter.

Vanquished Creatures
  A dire elephant (Lair:8)
  An ettin (D:9)
  Snorg (Lair:8)
  The ghost of ThereIsNoGod the Severer, a journeyman MiFi of Makhleb (D:12)
  A vault guard (D:13)
  A yaktaur captain (D:15)
  Josephine (Lair:7)
  10 hydras
  A catoblepas (Lair:8)
  8 centaur warriors
  The ghost of tyranidshit the Fighter, a novice DDNe of Makhleb (Lair:1)
  Erolcha (Orc:2)
  Erica (D:8)
  4 alligators
  An ogre mage (D:15)
  3 tengu warriors
  11 death yaks
  Nergalle (Lair:4)
  A skeletal warrior (D:13)
  A wizard (Lair:8)
  An unseen horror (D:12)
  A flayed ghost (D:8)
  2 swamp dragons (Swamp:1)
  The ghost of junkhipster the Covered, a novice GrFi (D:7)
  5 harpies (D:15)
  12 hill giants
  3 orc knights
  6 ugly things
  2 cyclopes
  A shining eye (shapeshifter) (D:14)
  A sixfirhy (Lair:8)
  4 elephants (Lair:8)
  4 black mambas
  A smoke demon (Lair:8)
  A centaur zombie (D:15)
  4 gargoyles
  3 orange demons (Lair:8)
  3 efreet
  4 centaur skeletons
  2 kobold demonologists (D:12)
  21 spiny frogs
  2 rime drakes
  A yaktaur (D:15)
  A tengu conjurer (D:14)
  10 komodo dragons
  3 trolls
  3 ice devils (Lair:8)
  A red devil (Lair:8)
  A polar bear (Lair:8)
  A merfolk (D:13)
  3 giant leeches
  A queen bee (Lair:4)
  2 two-headed ogres
  35 blink frogs
  4 bog bodies (Swamp:2)
  Grinder (D:3)
  17 slime creatures
  The ghost of daning the Charmwright, an amateur HESk of Okawaru (D:5)
  A hornet zombie (D:13)
  A shadow (D:8)
  4 spriggans
  2 redbacks (Lair:5)
  A hog (Volcano)
  9 wraiths
  2 wyverns
  A hog (shapeshifter) (D:13)
  2 basilisks
  2 fire bats
  43 yaks
  9 vampire mosquitoes
  7 hippogriffs
  3 hungry ghosts
  2 swamp worms
  5 wargs
  Duvessa (D:4)
  2 hell hounds (Lair:8)
  2 insubstantial wisps (Swamp:1)
  17 water moccasins
  7 porcupines
  2 swamp drakes
  19 orc warriors
  6 sky beasts
  3 ice beasts
  4 black bears
  5 wasps
  2 eyes of draining
  A necrophage (D:15)
  An ogre (shapeshifter) (D:14)
  20 centaurs
  15 ogres
  2 phantoms (D:14)
  14 wolves
  14 crocodiles
  3 big kobolds (D:12)
  An elf zombie (D:15)
  21 giant frogs
  2 gnoll sergeants (D:5)
  Dowan (D:4)
  5 scorpions
  39 killer bees
  6 jellies
  A troll zombie (D:15)
  22 wights
  3 electric eels (Lair:8)
  8 howler monkeys
  2 giant frog zombies
  6 crimson imps
  6 quasits
  A gnoll shaman (D:7)
  4 human zombies (D:15)
  15 orc priests
  A giant frog skeleton (D:5)
  6 hounds
  32 orc wizards
  7 iguanas
  11 worker ants
  9 sheep
  3 hound skeletons
  2 mummies (D:15)
  Robin (D:2)
  2 worker ant zombies
  6 gnolls
  A howler monkey skeleton (D:5)
  17 adders
  68 river rats
  7 shadow imps
  12 white imps (D:11)
  15 oozes
  An adder skeleton (D:9)
  An adder zombie (D:5)
  5 worms
  6 dart slugs
  16 giant geckos
  63 orcs
  15 bats
  16 giant cockroaches
  16 goblins
  10 hobgoblins
  19 jackals
  6 kobolds
  A quokka (D:2)
  12 ball pythons
  22 giant newts
  14 rats
  A fungus (Lair:6)
1021 creatures vanquished.

Vanquished Creatures (collateral kills)
  The ghost of Galewind the Devastator, a journeyman DECj of Sif Muna (Orc:2)
  2 hydras (Swamp:1)
  2 alligators (Swamp:1)
  An ogre mage (Orc:2)
  A tengu warrior (D:14)
  A sun demon (Lair:8)
  A spriggan (Swamp:1)
  8 orc sorcerers (Orc:2)
  A griffon (D:14)
  A spiny frog (Swamp:1)
  An ice devil (Lair:8)
  A tengu conjurer (D:14)
  A giant leech (Swamp:1)
  A yak (Lair:5)
  A hippogriff (D:14)
  8 vampire mosquitoes
  An insubstantial wisp (Swamp:1)
  An orc warrior (Orc:2)
  4 swamp drakes (Swamp:1)
  A wasp (Swamp:1)
  3 ogres (Orc:2)
  14 orc wizards (Orc:2)
  4 orcs (Orc:2)
60 creatures vanquished.

Vanquished Creatures (others)
  A shambling mangrove (Swamp:1)
  An ugly thing (D:14)
  A hog (Volcano)
  A hippogriff (D:13)
  A vampire mosquito (Swamp:1)
  A swamp worm (Swamp:1)
  A centaur (D:14)
  3 killer bees
  An orc (D:9)
  8 fungi
  24 plants
43 creatures vanquished.

Grand Total: 1124 creatures vanquished

Notes
Turn   | Place    | Note
--------------------------------------------------------------
     0 | D:1      | tyranidshit the Deep Dwarf Necromancer began the quest for the Orb.
     0 | D:1      | Reached XP level 1. HP: 15/15 MP: 3/3
    35 | D:1      | Reached skill level 1 in Fighting
   185 | D:1      | Reached XP level 2. HP: 18/25 MP: 2/4
   273 | D:1      | Reached skill level 2 in Fighting
   458 | D:1      | Reached XP level 3. HP: 17/33 MP: 5/5
   792 | D:2      | Noticed Robin
   886 | D:2      | Killed Robin
   886 | D:2      | Reached skill level 3 in Fighting
  1129 | D:2      | Reached XP level 4. HP: 22/42 MP: 6/6
  1501 | D:2      | Found a stormy altar of Qazlal.
  1512 | D:2      | Found a sacrificial altar of Ru.
  1763 | D:2      | Found a blossoming altar of Fedhas.
  1764 | D:2      | Found a burning altar of Makhleb.
  1765 | D:2      | Found a shimmering altar of Xom.
  1771 | D:2      | Became a worshipper of Makhleb the Destroyer
  1868 | D:3      | Found a faded altar to an unknown god.
  1998 | D:3      | Gained mutation: You evolve. [potion of mutation]
  1998 | D:3      | Gained mutation: You rapidly evolve. [potion of mutation]
  1998 | D:3      | Gained mutation: You have sharp fingernails. [potion of mutation]
  2057 | D:3      | Noticed Grinder
  2069 | D:3      | Killed Grinder
  2069 | D:3      | Reached skill level 5 in Fighting
  2069 | D:3      | Reached XP level 5. HP: 32/52 MP: 7/7
  2069 | D:3      | Reached XP level 6. HP: 38/61 MP: 8/8
  2204 | D:3      | Found a glowing drain.
  2243 | Sewer    | Entered a sewer
  2284 | Sewer    | Reached * piety under Makhleb
  2473 | Sewer    | Reached skill level 6 in Fighting
  2494 | Sewer    | Reached ** piety under Makhleb
  2623 | Sewer    | Gained mutation: You have a pair of small antennae on your head. [evolution]
  2694 | Sewer    | Reached XP level 7. HP: 29/70 MP: 8/8
  2712 | Sewer    | Reached *** piety under Makhleb
  2774 | D:3      | Reached skill level 7 in Fighting
  3223 | D:4      | Found Jenepo Beta's Antique Weapon Boutique.
  3233 | D:4      | Bought a runed war axe for 105 gold pieces
  3239 | D:4      | Noticed Duvessa
  3245 | D:4      | Noticed Dowan
  3253 | D:4      | Killed Duvessa
  3255 | D:4      | Reached skill level 8 in Fighting
  3256 | D:4      | Killed Dowan
  3316 | D:4      | Found Famy's Armour Boutique.
  3362 | D:4      | Found Zaggu's Weapon Shop.
  3387 | D:4      | Found Ethinui's Magic Scroll Emporium.
  3393 | D:4      | Found Nuklacam's Magic Scroll Shoppe.
  3414 | D:4      | Reached **** piety under Makhleb
  3492 | D:4      | Reached XP level 8. HP: 38/82 MP: 9/9
  3507 | D:4      | Found a sacrificial altar of Ru.
  3721 | D:5      | Entered Level 5 of the Dungeon
  3739 | D:5      | Noticed daning's ghost (amateur HESk)
  3903 | D:5      | Reached skill level 9 in Fighting
  4039 | D:5      | Killed daning's ghost
  4119 | D:5      | Reached skill level 10 in Fighting
  4225 | D:5      | Gained mutation: You passively map the area around you. [Deep Dwarf growth]
  4225 | D:5      | Reached XP level 9. HP: 57/94 MP: 10/10
  4231 | D:5      | Reached skill level 1 in Armour
  4280 | D:5      | Reached skill level 1 in Shields
  4481 | D:5      | Found a blossoming altar of Fedhas.
  4601 | D:5      | Gained mutation: You have an increased reservoir of magic (+10% MP). [evolution]
  4601 | D:5      | Lost mutation: You rapidly evolve. [end of evolution]
  5195 | D:6      | Found a staircase to the Ecumenical Temple.
  5283 | D:6      | Reached ***** piety under Makhleb
  5548 | D:7      | Noticed junkhipster's ghost (novice GrFi)
  5578 | D:7      | Killed junkhipster's ghost
  5578 | D:7      | Reached skill level 5 in Dodging
  5578 | D:7      | Reached skill level 5 in Shields
  5835 | D:7      | Found a burning altar of Makhleb.
  6027 | D:7      | Reached skill level 5 in Armour
  6185 | D:8      | Noticed Erica
  6227 | D:8      | Killed Erica
  6227 | D:8      | Reached XP level 10. HP: 84/103 MP: 12/12
  6337 | D:8      | Found a runed door.
  6341 | D:8      | Found a shimmering altar of Xom.
  6353 | D:8      | Found a shadowy altar of Dithmenos.
  6365 | D:8      | Noticed a flayed ghost
  6375 | D:8      | Killed a flayed ghost
  6420 | D:8      | Found a shimmering altar of Xom.
  6448 | D:8      | Found an iron altar of Okawaru.
  6456 | D:8      | Found a radiant altar of Vehumet.
  6480 | D:8      | Found a sacrificial altar of Ru.
  6837 | D:8      | Found Feufo's Weapon Emporium.
  7313 | D:9      | Noticed a gargoyle
  7337 | D:9      | Killed a gargoyle
  7393 | D:9      | Reached XP level 11. HP: 110/110 MP: 14/14
  7463 | D:9      | Reached ****** piety under Makhleb
  7513 | D:9      | Found a white marble altar of Elyvilon.
  7686 | D:9      | Found a deep blue altar of Sif Muna.
  7873 | D:9      | Found a staircase to the Orcish Mines.
  8067 | D:10     | Entered Level 10 of the Dungeon
  8108 | D:11     | Noticed a hill giant
  8123 | D:11     | Killed a hill giant
  8202 | D:10     | Noticed a hill giant
  8203 | D:10     | Noticed a hill giant
  8219 | D:10     | Killed a hill giant
  8219 | D:10     | Reached skill level 5 in Axes
  8230 | D:10     | Killed a hill giant
  8407 | D:10     | Reached skill level 1 in Invocations
  8407 | D:10     | Reached skill level 1 in Evocations
  8499 | D:10     | Noticed a hill giant
  8511 | D:10     | Killed a hill giant
  8542 | D:10     | Noticed a hill giant
  8558 | D:10     | Killed a hill giant
  8657 | D:11     | Found a frozen archway.
  8760 | D:11     | Noticed a hill giant
  8807 | D:11     | Killed a hill giant
  8807 | D:11     | Reached skill level 5 in Evocations
  8821 | D:11     | Found a staircase to the Lair.
  8939 | D:11     | Noticed a hill giant
  8965 | D:11     | Killed a hill giant
  8965 | D:11     | Reached skill level 5 in Invocations
  8965 | D:11     | Reached XP level 12. HP: 63/117 MP: 15/15
  9288 | Lair:1   | Entered Level 1 of the Lair of Beasts
  9434 | Lair:1   | Noticed tyranidshit's ghost (novice DDNe)
  9497 | Lair:1   | Killed tyranidshit's ghost
 10950 | Lair:3   | Gained mutation: You have very sharp fingernails. [potion of beneficial mutation]
 11039 | Lair:3   | Reached skill level 10 in Evocations
 11043 | Lair:3   | Reached skill level 10 in Invocations
 11564 | Lair:4   | Found a dark tunnel.
 11573 | Volcano  | Entered a volcano
 11797 | Lair:4   | Noticed Nergalle
 11846 | Lair:4   | Killed Nergalle
 11846 | Lair:4   | Reached skill level 11 in Fighting
 12084 | Lair:4   | Reached XP level 13. HP: 127/127 MP: 20/20
 12939 | Lair:5   | Found a hole to the Spider Nest.
 13247 | Lair:6   | Found a staircase to the Swamp.
 13263 | Lair:6   | Reached skill level 12 in Fighting
 13619 | Lair:6   | Reached skill level 13 in Fighting
 14257 | Lair:7   | Noticed Josephine
 14274 | Lair:7   | Killed Josephine
 14274 | Lair:7   | Reached skill level 14 in Fighting
 14427 | Lair:7   | Found a viscous altar of Jiyva.
 14427 | Lair:7   | Found a staircase to the Slime Pits.
 14478 | Lair:7   | Gained mutation: You resist negative energy. [Deep Dwarf growth]
 14478 | Lair:7   | Reached XP level 14. HP: 126/145 MP: 21/21
 14711 | Lair:8   | Entered Level 8 of the Lair of Beasts
 14834 | Lair:8   | Noticed Snorg
 14857 | Lair:8   | Killed Snorg
 14857 | Lair:8   | Reached skill level 15 in Fighting
 15420 | Lair:8   | Reached skill level 16 in Fighting
 15732 | Lair:8   | Found a burning altar of Makhleb.
 15763 | Lair:8   | Found a gateway to Hell.
 16225 | Orc:1    | Entered Level 1 of the Orcish Mines
 16225 | Orc:1    | Found Kowarru's Weapon Emporium.
 16454 | Orc:1    | Bought the +2 broad axe of Uncertain Death {pain, MR+ Str+3 SInv} for 603 gold pieces
 16809 | Orc:1    | Gained mutation: You are partially covered in rugged brown scales (AC +1, +3% HP). [evolution]
 16817 | Orc:2    | Entered Level 2 of the Orcish Mines
 16817 | Orc:2    | Found a roughly hewn altar of Beogh.
 16907 | Orc:2    | Found a staircase to the Elven Halls.
 17055 | Orc:2    | Reached skill level 17 in Fighting
 17217 | Orc:2    | Found Teil's Antique Weapon Shoppe.
 17226 | Orc:2    | Noticed Galewind's ghost (journeyman DECj)
 17229 | Orc:2    | Found an ancient bone altar of Kikubaaqudgha.
 17231 | Orc:2    | Killed Galewind's ghost
 17246 | Orc:2    | Found a roughly hewn altar of Beogh.
 17246 | Orc:2    | Found Ceqaig's Magic Scroll Shoppe.
 17246 | Orc:2    | Found Wiaf's Antique Weapon Emporium.
 17267 | Orc:2    | Found Xeisouth's Book Emporium.
 17282 | Orc:2    | Noticed Erolcha
 17283 | Orc:2    | Found a radiant altar of Vehumet.
 17286 | Orc:2    | Killed Erolcha
 17286 | Orc:2    | Reached XP level 15. HP: 123/164 MP: 21/21
 17436 | Orc:2    | Bought a scroll of enchant armour for 105 gold pieces
 17436 | Orc:2    | Bought a scroll of blinking for 105 gold pieces
 17497 | Orc:2    | Bought a slimy double sword for 540 gold pieces
 17497 | Orc:2    | Identified the cursed +1 double sword of Blood {slice, +Fly rElec Dex+10} (You bought it in a shop on level 2 of the Orcish Mines)
 17548 | Orc:2    | Bought a steaming long sword for 204 gold pieces
 17548 | Orc:2    | Identified the +2 long sword of Discord {slice, rC+ rN+} (You bought it in a shop on level 2 of the Orcish Mines)
 17549 | Orc:2    | Bought a smoking falchion for 192 gold pieces
 17549 | Orc:2    | Identified the +6 falchion "Doturoq" {slice, rPois rF+ Dex-4} (You bought it in a shop on level 2 of the Orcish Mines)
 17923 | D:12     | Found a portal to a secret trove of treasure.
 18023 | D:12     | Noticed ThereIsNoGod's ghost (journeyman MiFi)
 18035 | D:12     | Killed ThereIsNoGod's ghost
 18660 | D:12     | Got an ichor-stained short sword
 18684 | D:12     | Identified the +2 short sword of Defenestration {drain, rElec Str+5 Dex-2} (You found it on level 12 of the Dungeon)
 19100 | D:13     | Reached skill level 18 in Fighting
 19398 | D:13     | Found a gate to the Vaults.
 19740 | D:14     | Got an iridescent executioner's axe
 19741 | D:14     | Identified the +5 executioner's axe of Valiance {drain, rC+} (You found it on level 14 of the Dungeon)
 20221 | D:14     | Gained mutation: You have sharp toenails. [evolution]
 20365 | D:15     | Entered Level 15 of the Dungeon
 20506 | D:15     | Found a staircase to the Depths.
 20568 | D:15     | Reached skill level 19 in Fighting
 20981 | D:15     | Reached XP level 16. HP: 181/181 MP: 22/22
 21018 | D:15     | Found an ancient bone altar of Kikubaaqudgha.
 21313 | D:10     | Gained mutation: You can translocate small distances at will. [evolution]
 21696 | Swamp:1  | Entered Level 1 of the Swamp
 22753 | Swamp:3  | Noticed a thorn hunter
 22753 | Swamp:3  | Noticed a thorn hunter
 22906 | Swamp:3  | HP: 6/181 [spriggan druid/stone arrow (21)]
 22912 | Swamp:3  | Killed from afar by a thorn hunter

Skill      XL: |  1  2  3  4  5  6  7  8  9 10 11 12 13 14 15 16 |
---------------+-------------------------------------------------+-----
Fighting       | 1 2 3 5 6 8 10 11 14 17 19 | 19.6
Armour         | 5 7 8 9 |  9.1
Shields        | 5 7 8 9 |  9.0
Dodging        | 6 8 9 |  9.8
Axes           | 6 |  6.9
Invocations    | 5 10 | 10.2
Evocations     | 5 10 | 10.4
Stealth        | |  2.4
Spellcasting   | |  1.7
Necromancy     | |  4.3

Action                   |  1- 3 |  4- 6 |  7- 9 | 10-12 | 13-15 | 16-18 || total
-------------------------+-------+-------+-------+-------+-------+-------++-------
Melee: Dagger            |   243 |   152 |       |       |       |       ||   395
       Unarmed           |     8 |       |       |       |       |       ||     8
       Mace              |       |   358 |   109 |       |       |       ||   467
       War axe           |       |       |   392 |   974 |  1335 |   104 ||  2805
       Short sword       |       |       |     8 |       |       |       ||     8
       Broad axe         |       |       |       |       |   264 |       ||   264
       Falchion          |       |       |       |       |       |   332 ||   332
 Cast: Pain              |    10 |       |       |       |       |       ||    10
Invok: Greater Servant o |       |       |       |       |     2 |     2 ||     4
 Abil: Device Recharging |       |     1 |       |     1 |     2 |     5 ||     9
       Stop Flying       |       |       |     1 |       |       |       ||     1
       Evoke Berserk Rag |       |       |       |       |     1 |     1 ||     2
       Evoke Flight      |       |       |       |       |       |     1 ||     1
Evoke: Wand              |     2 |     5 |    12 |     6 |    11 |    14 ||    50
       Box of beasts     |       |       |       |       |     1 |       ||     1
       Disc of storms    |       |       |       |       |       |     2 ||     2
       Lamp of fire      |       |       |       |       |       |     1 ||     1
  Use: Scroll            |     3 |     5 |    13 |    18 |    18 |     3 ||    60
       Potion            |       |     5 |     1 |     5 |     8 |     4 ||    23
 Stab: Sleeping          |       |     1 |       |       |       |       ||     1
       Distracted        |       |       |       |       |     1 |     1 ||     2
       Petrified         |       |       |       |       |     1 |       ||     1
  Eat: Bread ration      |       |     2 |       |       |     5 |     4 ||    11
       Chunk             |       |       |     5 |       |     1 |       ||     6
       Meat ration       |       |       |     1 |     5 |     1 |       ||     7
       Royal jelly       |       |       |     2 |       |       |       ||     2
       Pizza             |       |       |       |       |     5 |       ||     5
       Beef jerky        |       |       |       |       |     2 |       ||     2
Armor: Robe              |     6 |       |       |       |       |       ||     6
       Scale mail        |   136 |   526 |   217 |       |       |       ||   879
       Plate armour      |       |       |   224 |   678 |       |       ||   902
       Fire dragon armou |       |       |       |    95 |  1126 |   315 ||  1536
Dodge: Dodged            |   193 |   545 |   249 |   589 |   952 |   225 ||  2753
Block: Shield            |       |       |   163 |   784 |   574 |       ||  1521
       Large shield      |       |       |       |       |   978 |   542 ||  1520
